 Dungeon Crawl Stone Soup version 0.28-a0-119-ga52ba8600a (webtiles) character file.

Game seed: 9872687138855959945

127352 Ezendos the Fighter (level 17, -5/121 HPs)
             Began as an Octopode Venom Mage on Aug 13, 2021.
             Was an Elder of Sif Muna.
             Slain by an entropy weaver (15 damage)
             ... on level 3 of the Spider Nest.
             The game lasted 02:02:41 (48511 turns).

Ezendos the Fighter (Octopode Venom Mage)          Turns: 48511, Time: 02:02:41

Health: -5/121     AC: -1    Str:  9    XL:     17   Next: 0%
Magic:  20/41      EV: 19    Int: 29    God:    Sif Muna [****..]
Gold:   323        SH: 16    Dex: 12    Spells: 4/39 levels left

rFire   + . .      SeeInvis +   a - staff of conjuration
rCold   . . .      Faith    .   v - +5 kite shield
rNeg    . . .      Spirit   .   C - +2 hat
rPois   +          Reflect  .   I - amulet of magic regeneration
rElec   .          Harm     .   E - +4 ring of evasion
rCorr   .          Rampage  .   p - ring of see invisible
Will    +++..                   U - ring of willpower
Stlth   +++.......              V - ring of magical power
HPRegen 0.30/turn               W - +6 ring of intelligence
MPRegen 0.52/turn               X - ring of poison resistance
                                Z - ring of willpower
                                l - ring of protection from fire

@: corroded, studying 2 skills
A: almost no armour, amphibious, 8 rings, camouflage 1, gelatinous body 1,
(nimble swimmer 1), tentacles
a: Renounce Religion, Channel Magic, Forget Spell, Divine Exegesis


You were on level 3 of the Spider Nest.
You worshipped Sif Muna.
Sif Muna was greatly pleased with you.
You visited 6 branches of the dungeon, and saw 28 of its levels.

You collected 3050 gold pieces.
You spent 2727 gold pieces at shops.

Inventory:

Hand Weapons
 e - the +9 rapier of Death's Door {speed, *Rage Int+6 Dex+4}
   (You found it on level 4 of the Dungeon)

   Attacks with this weapon are significantly faster.
   Int:       It affects your intelligence (+6).
   Dex:       It affects your dexterity (+4).
   *Rage:     It may make you go berserk in combat.
 y - the +7 morningstar of Ivvij {spect, +Rage rElec Dex+6 Stlth-}
   (You found it on level 8 of the Dungeon)

   When its wielder attacks, the weapon's spirit leaps out and strikes again.
   The spirit shares a part of any damage it takes with its wielder.
   Dex:       It affects your dexterity (+6).
   rElec:     It insulates you from electricity.
   +Rage:     It lets you go berserk.
   Stlth:     It makes you less stealthy.
 J - the +7 quarterstaff "Cilow" {vorpal, rF+ rC+ Str+2}
   (You found it on level 3 of the Lair of Beasts)

   It inflicts extra damage upon your enemies.
   Str:       It affects your strength (+2).
   rF:        It protects you from fire.
   rC:        It protects you from cold.
Missiles
 i - 2 throwing nets
Armour
 v - a +5 kite shield (worn)
 C - a +2 hat (worn)
Magical Staves
 a - a staff of conjuration (weapon)
 A - a staff of cold
 F - a staff of fire
Jewellery
 l - a ring of protection from fire (on tentacle)
 n - an amulet of regeneration
 p - a ring of see invisible (right tentacle)
 E - a +4 ring of evasion (left tentacle)
 I - an amulet of magic regeneration (around mantle)
 P - an amulet of the acrobat
 U - a ring of willpower (on tentacle)
 V - a ring of magical power (on tentacle)
 W - a +6 ring of intelligence (on tentacle)
 X - a ring of poison resistance (on tentacle)
 Z - a ring of willpower (on tentacle)
Wands
 k - a wand of iceblast (23)
 o - a wand of acid (28)
 z - a wand of polymorph (9)
 B - a wand of charming (10)
 H - a wand of flame (101)
 O - a wand of paralysis (10)
 Q - a wand of digging (16)
 T - a wand of mindburst (28)
Scrolls
 b - 5 scrolls of amnesia
 c - 10 scrolls of teleportation
 d - a scroll of blinking
 f - a scroll of enchant armour
 j - 3 scrolls of vulnerability
 m - 3 scrolls of magic mapping
 s - 3 scrolls of fog
 t - 3 scrolls of immolation
 u - 3 scrolls of fear
 M - 2 scrolls of holy word
 R - 2 scrolls of identify
Potions
 g - 8 potions of curing
 h - 3 potions of flight
 q - a potion of might
 x - 2 potions of cancellation
 D - a potion of invisibility
 G - 3 potions of brilliance
 K - a potion of magic
 L - 6 potions of lignification
 S - 4 potions of mutation
 Y - 2 potions of ambrosia


   Skills:
 + Level 12.5 Fighting
 + Level 8.7 Dodging
 - Level 4.0 Stealth
 + Level 11.6 Shields
 + Level 11.7 Spellcasting
 + Level 10.8 Conjurations
 - Level 4.0 Hexes
 - Level 5.0 Summonings
 - Level 4.0 Necromancy
 - Level 1.0 Transmutations
 + Level 10.8 Air Magic
 - Level 10.0 Poison Magic
 + Level 9.3 Invocations
 - Level 4.0 Evocations


You had 4 spell levels left.
You knew the following spells:

 Your Spells              Type           Power      Damage    Failure   Level
a - Poisonous Vapours     Pois/Air       100%       N/A       1%          2
b - Searing Ray           Conj           100%       3d7       1%          2
c - Fulminant Prism       Conj/Hex       37%        3d18      2%          4
d - Olgreb's Toxic Radia  Pois           66%        N/A       1%          4
e - Airstrike             Air            34%        N/A       1%          4
f - Lightning Bolt        Conj/Air       44%        1d63      1%          5
A - Mephitic Cloud        Conj/Pois/Air  87%        N/A       1%          3
B - Summon Lightning Spi  Summ/Air       58%        N/A       1%          4
C - Sublimation of Blood  Necr           20%        N/A       1%          2
D - Iskenderun's Battles  Conj           88%        2d14      1%          5

Your spell library contained the following spells:

 Spells                   Type           Power      Damage    Failure   Level
 Corona                   Hex            44%        N/A       1%          1
 Magic Dart               Conj           100%       1d8       1%          1
 Shock                    Conj/Air       100%       1d9       1%          1
 Sting                    Tmut/Pois      100%       1d8       1%          1
 Summon Small Mammal      Summ           100%       N/A       1%          1
 Slow                     Hex            40%        N/A       1%          2
 Static Discharge         Conj/Air       88%        N/A       1%          2
 Dazzling Flash           Conj/Hex       100%       N/A       1%          3
 Stone Arrow              Conj/Erth      100%       3d13      1%          3
 Summon Guardian Golem    Hex/Summ       43%        N/A       2%          3
 Tukima's Dance           Hex            40%        N/A       2%          3
 Ensorcelled Hibernation  Hex/Ice        56%        N/A       3%          2
 Sandblast                Erth           34%        2d9       4%          1
 Iskenderun's Mystic Bla  Conj/Tloc      64%        2d13      4%          4
 Passwall                 Tmut/Erth      15%        N/A       6%          2
 Inner Flame              Hex/Fire       28%        N/A       6%          3
 Portal Projectile        Hex/Tloc       56%        N/A       6%          3
 Animate Dead             Necr           20%        N/A       9%          4
 Cause Fear               Hex            20%        N/A       9%          4
 Leda's Liquefaction      Hex/Erth       14%        N/A       21%         4
 Irradiate                Conj/Tmut      33%        3d24      12%         5
 Bolt of Magma            Conj/Fire/Erth 27%        4d13      30%         5
 Yara's Violent Unravell  Hex/Tmut       15%        3d8       43%         5
 Borgnjor's Vile Clutch   Necr/Erth      14%        N/A       50%         5
 Metabolic Englaciation   Hex/Ice        14%        N/A       50%         5
 Iron Shot                Conj/Erth      32%        9d7       61%         6
 Starburst                Conj/Fire      32%        8x6d10    61%         6
 Lee's Rapid Deconstruct  Erth           8%         3d8*      78%         5
 Ozocubu's Refrigeration  Ice            8%         4d6       100%        7
 Discord                  Hex            20%        N/A       100%        8
 Ignition                 Fire           8%         3d5       100%        8
 Lehudib's Crystal Spear  Conj/Erth      32%        10d8      100%        8
 Chain Lightning          Conj/Air       44%        3d58      100%        9
 Shatter                  Erth           8%         3d10*     100%        9


Dungeon Overview and Level Annotations

Branches:
Dungeon (15/15)            Temple (1/1) D:6            Lair (6/6) D:10
  Swamp (1/4) Lair:2       Spider (3/4) Lair:2        Slime (0/5) Lair:5
    Orc (2/2) D:9             Elf (0/3) Orc:2        Vaults (0/5) D:14
 Depths (0/5) D:15

Altars:
Ashenzari
Cheibriados
Dithmenos
Elyvilon
Fedhas
Gozag
Hepliaklqana
Kikubaaqudgha
Makhleb
Nemelex Xobeh
Okawaru
Qazlal
Ru
Sif Muna
Trog
Uskayaw
Vehumet
Wu Jian
Xom
Yredelemnul
Zin
The Shining One
Beogh
Jiyva

Shops:
D:4 *   D:13 *   D:14 *   Orc:1 !   Orc:2 [[**=(

Annotations:
D:5 2 transporters, YgY's ghost, novice TrBe
Lair:2 1 runed translucent door, Siem's ghost, journeyman OpCj
Spider:1 exclusion: downstairs
Spider:3 Bai Suzhen


Innate Abilities, Weirdness & Mutations

You cannot wear most types of armour.
You are amphibious.
You can wear up to eight rings at the same time.
Your skin changes colour to match your surroundings (Stealth+).
Your rubbery body absorbs attacks. (AC +1, EV +1)
((You are camouflaged near water. (Stealth+)))
You have tentacles for arms and can constrict up to eight enemies at once.


Message History

Aim: a spark wasp (severely wounded, poisoned)
The air twists around and strikes the spark wasp!
The spark wasp is almost dead.
The spark wasp bursts into living lightning!
The living lightning hits you.
The spark wasp blinks!
The entropy weaver closely misses you. The entropy weaver barely misses you.
The entropy weaver completely misses you.
The entropy weaver barely misses you.
The jumping spider leaps!
Casting: Airstrike (mildly dangerous; 1% risk of failure)
Confirm with . or Enter, or press ? or * to list all spells.
Aiming: Airstrike (mildly dangerous; 1% risk of failure)
Press: ? - help, Dir - move target, f/p - spark wasp
Aim: a spark wasp (almost dead, poisoned)
The air twists around and strikes the spark wasp!
You kill the spark wasp!
Sif Muna accepts your kill.
You kill the jumping spider!
Sif Muna accepts your kill. The entropy weaver hits you!
The entropy weaver closely misses you. The entropy weaver hits you!
The entropy weaver misses you. The redback bites you!
You have reached level 17!
You block the redback's attack. The entropy weaver misses you.
The entropy weaver closely misses you. The entropy weaver hits you!
You block the entropy weaver's attack.
The jumping spider leaps!
The redback closely misses you.
The entropy weaver looks more healthy.
You kill the jumping spider!
Sif Muna accepts your kill. The entropy weaver hits you! x2
* * * LOW HITPOINT WARNING * * *
The entropy weaver hits you.
* * * LOW HITPOINT WARNING * * *
You block the entropy weaver's attack. You block the redback's attack.
The entropy weaver barely misses you. The entropy weaver hits you.
* * * LOW HITPOINT WARNING * * *
The entropy weaver hits you.
* * * LOW HITPOINT WARNING * * *
The entropy weaver hits you!
You die...

..#...(.......#
#..$).....#.# .
#...B......# ..
#....^.##...#
.≈≈........#≈###
#^.......# #
..#.^.....^#
..^..s##s.#
......B@#
......s....^#
.............#
....#.......##
... ...≈#.....
.. .....####^##
. ......# ##
^.......


You could see 2 entropy weavers, a wolf spider and 2 redbacks.

Vanquished Creatures
  Frances (D:12)
  2 emperor scorpions
  2 orc warlords (Orc:2)
  2 entropy weavers (Spider:2)
  2 spark wasps
  A bunyip (shapeshifter) (D:13)
  An ettin (D:14)
  2 fire dragons (D:14)
  4 vault guards (D:14)
  Josephine (Lair:6)
  6 hydras
  5 boulder beetles
  3 centaur warriors
  3 catoblepae
  A two-headed ogre (D:11)
  5 death yaks (Lair:6)
  2 tengu warriors (D:15)
  An orc high priest (Orc:2)
  A fire crab (Lair:5)
  2 skeletal warriors (D:12)
  A deep troll (D:14)
  A deep elf zephyrmancer (D:10)
  3 lindwurms
  5 orc knights
  A phantasmal warrior (D:12)
  A wizard (D:14)
  3 ugly things (D:14)
  An oklob plant (Lair:1)
  An orb spider (shapeshifter) (D:14)
  A necromancer (D:14)
  4 deep elf pyromancers
  16 wolf spiders
  5 orb spiders
  3 manticores
  4 orc sorcerers
  8 cyclopes
  5 elephants (Lair:5)
  11 black mambas
  A guardian serpent (Lair:6)
  23 cane toads
  5 gargoyles
  A freezing wraith (D:12)
  2 unseen horrors (D:11)
  Maggie (D:8)
  9 komodo dragons
  4 kobold demonologists
  2 rime drakes
  13 demonic crawlers
  A yaktaur (D:14)
  4 trolls
  2 ice devils (Orc:2)
  3 tengu conjurers
  A polar bear (Lair:1)
  A tyrant leech (Swamp:1)
  14 jumping spiders
  A bloated husk (Swamp:1)
  4 hornets
  5 blink frogs
  7 slime creatures
  20 dream sheep
  38 redbacks
  12 wyverns
  6 wraiths
  A human (D:14)
  6 basilisks
  4 fire bats (Lair:1)
  39 yaks
  14 tarantellas
  3 steam dragons
  4 acid dragons
  4 wargs
  36 water moccasins
  19 orc warriors
  3 black bears (Lair:5)
  2 hornet zombies
  A swamp drake (Swamp:1)
  A sky beast (D:7)
  16 wolves
  4 ogres
  15 centaurs
  16 kobold brigands
  Blork the orc (Orc:2)
  A gnoll sergeant (D:12)
  10 bullfrogs
  4 earth elementals (D:13)
  2 scorpions
  2 water moccasin zombies
  A water moccasin skeleton (D:4)
  7 wights
  An electric eel (Lair:1)
  2 howler monkeys (D:9)
  A lava snake (Lair:1)
  4 centaur zombies
  2 centaur skeletons (D:6)
  4 hounds
  3 jellies
  11 orc priests
  2 gnoll shamans
  2 iguanas
  27 orc wizards
  2 killer bee zombies
  10 gnolls
  6 adders
  A shadow imp (Spider:1)
  2 white imps
  An ufetubus (D:7)
  2 worms
  4 dart slugs
  53 orcs
  7 bats
  9 endoplasms
  5 giant cockroaches
  6 goblins
  7 hobgoblins
  8 jackals (D:1)
  21 kobolds
  4 quokkas
  5 ball pythons
  5 frilled lizards
  8 rats
  A butterfly (Lair:1)
743 creatures vanquished.

Vanquished Creatures (collateral kills)
  An emperor scorpion (Lair:2)
  A death knight (D:12)
  A two-headed ogre (D:14)
  A necromancer (D:15)
  A deep elf pyromancer (D:14)
  A wolf spider (Spider:2)
  A cane toad (Lair:6)
  A demonic crawler (Spider:1)
  A tengu conjurer (D:13)
  A slime creature (D:12)
  A redback (Spider:2)
11 creatures vanquished.

Vanquished Creatures (others)
  A cane toad (Lair:3)
  99 fulminant prisms
  77 fungi
  147 plants
324 creatures vanquished.

Grand Total: 1078 creatures vanquished

Notes
Turn   | Place    | Note
-------+----------+-------------------------------------------
     0 | D:1      | Ezendos the Octopode Venom Mage began the quest for the
                  | Orb.
     0 | D:1      | Reached XP level 1. HP: 11/11 MP: 3/3
   274 | D:1      | Reached XP level 2. HP: 18/18 MP: 1/5
   370 | D:1      | Reached skill level 1 in Fighting
   607 | D:1      | Learned a level 2 spell: Poisonous Vapours
   813 | D:1      | Reached XP level 3. HP: 20/23 MP: 3/6
  1761 | D:2      | Reached skill level 2 in Fighting
  1849 | D:2      | Reached XP level 4. HP: 29/29 MP: 7/7
  2928 | D:3      | Reached skill level 1 in Air Magic
  3537 | D:3      | Found a blossoming altar of Fedhas.
  3881 | D:3      | Reached XP level 5. HP: 35/35 MP: 1/8
  3884 | D:3      | Learned a level 2 spell: Searing Ray
  4103 | D:4      | Found Lagagiot's Luxury Loot.
  4117 | D:4      | Noticed an ogre
  4166 | D:3      | Killed an ogre
  4167 | D:3      | Reached skill level 1 in Conjurations
  4371 | D:4      | Reached XP level 6. HP: 41/41 MP: 4/10
  4653 | D:4      | Identified the +9 rapier of Death's Door {speed, *Rage
                  | Int+6 Dex+4}
  4786 | D:4      | Reached skill level 1 in Shields
  5036 | D:4      | Found a hide-covered altar of Uskayaw.
  5036 | D:4      | Noticed a +0 hand axe
  5037 | D:4      | Noticed a +0 hand axe
  5582 | D:4      | Reached skill level 3 in Fighting
  5661 | D:5      | Entered Level 5 of the Dungeon
  5717 | D:5      | Reached XP level 7. HP: 46/46 MP: 2/11
  6601 | D:5      | Learned a level 4 spell: Fulminant Prism
  6608 | D:5      | Found a transporter.
  6627 | D:5      | Found a transporter.
  6628 | D:5      | Noticed YgY's ghost (novice TrBe)
  6994 | D:6      | Reached XP level 8. HP: 54/54 MP: 7/13
  7178 | D:6      | Reached skill level 4 in Fighting
  7178 | D:6      | Reached skill level 5 in Conjurations
  7178 | D:6      | Reached skill level 1 in Hexes
  7766 | D:6      | Found a glowing silver altar of Zin.
  7871 | D:6      | Found a staircase to the Ecumenical Temple.
  7883 | Temple   | Entered the Ecumenical Temple
  8106 | D:6      | Found an ornate altar of the Wu Jian Council.
  8197 | D:6      | Identified 2 scrolls of acquirement
  8198 | D:6      | Acquired 347 gold pieces
  8493 | D:7      | Reached XP level 9. HP: 47/58 MP: 8/15
  8625 | D:7      | Found a basalt altar of Yredelemnul.
  8952 | D:7      | Found a broken altar of Ashenzari.
  9571 | D:8      | Identified the +7 morningstar of Ivvij {spect, +Rage rElec
                  | Dex+6 Stlth-}
  9711 | D:8      | Noticed a gargoyle
  9775 | D:8      | Noticed Maggie
  9862 | D:8      | Killed Maggie
  9863 | D:8      | Reached skill level 5 in Fighting
 10105 | D:8      | Noticed a komodo dragon
 10138 | D:8      | Reached skill level 5 in Spellcasting
 10279 | D:8      | Killed a komodo dragon
 10640 | D:8      | Killed a gargoyle
 10641 | D:8      | Reached skill level 6 in Fighting
 10641 | D:8      | Reached XP level 10. HP: 68/68 MP: 9/19
 11790 | D:9      | Noticed a deep elf pyromancer
 11802 | D:9      | Killed a deep elf pyromancer
 11928 | D:9      | Found a shimmering altar of Xom.
 11965 | D:9      | Found a staircase to the Orcish Mines.
 12246 | D:9      | Found an ancient bone altar of Kikubaaqudgha.
 12255 | D:9      | Found a shimmering blue altar of Sif Muna.
 12260 | D:9      | Got Sif Muna's Volume of the Escort
 12261 | D:9      | Became a worshipper of Sif Muna the Loreminder
 12270 | D:9      | Found a radiant altar of Vehumet.
 12419 | D:10     | Entered Level 10 of the Dungeon
 12524 | D:10     | Reached skill level 7 in Fighting
 12624 | D:10     | Acquired a +1 hat
 12650 | D:10     | Found a staircase to the Lair.
 12691 | Lair:1   | Entered Level 1 of the Lair of Beasts
 12834 | Lair:1   | Noticed a cane toad
 12838 | Lair:1   | Killed a cane toad
 12873 | Lair:1   | Reached skill level 5 in Shields
 13000 | Lair:1   | Noticed an oklob plant
 13025 | Lair:1   | Killed an oklob plant
 13026 | Lair:1   | Reached XP level 11. HP: 75/75 MP: 3/22
 13450 | D:10     | Reached skill level 8 in Fighting
 13645 | Lair:1   | Learned a level 4 spell: Olgreb's Toxic Radiance
 13933 | Lair:1   | Reached skill level 5 in Poison Magic
 14962 | Lair:2   | Reached * piety under Sif Muna
 15170 | Lair:2   | Found a hole to the Spider Nest.
 15637 | Lair:2   | Found a staircase to the Swamp.
 15654 | Lair:2   | Reached XP level 12. HP: 42/84 MP: 6/24
 15740 | Lair:2   | Reached skill level 10 in Conjurations
 15740 | Lair:2   | Acquired a ring of see invisible
 15800 | Lair:2   | Reached skill level 5 in Dodging
 16123 | Lair:2   | Reached skill level 10 in Poison Magic
 16274 | Lair:2   | Found a runed translucent door.
 16311 | Lair:2   | Noticed Siem's ghost (journeyman OpCj)
 16468 | Lair:3   | Reached skill level 9 in Fighting
 16697 | Lair:3   | Noticed a catoblepas
 16800 | Lair:3   | Reached ** piety under Sif Muna
 17395 | Lair:3   | Identified the +7 quarterstaff "Cilow" {vorpal, rF+ rC+
                  | Str+2}
 17846 | Lair:3   | Killed a catoblepas
 17847 | Lair:3   | Reached skill level 1 in Invocations
 19453 | Lair:5   | Reached XP level 13. HP: 90/92 MP: 9/26
 19869 | Lair:5   | Reached skill level 10 in Fighting
 20374 | Lair:5   | Reached *** piety under Sif Muna
 21041 | Lair:5   | Found a runed translucent door.
 21041 | Lair:5   | Found a viscous altar of Jiyva.
 21061 | Lair:5   | Found a staircase to the Slime Pits.
 21539 | Lair:5   | Reached skill level 5 in Air Magic
 21539 | Lair:5   | Reached skill level 1 in Evocations
 21820 | Lair:5   | Reached skill level 5 in Invocations
 22070 | Lair:6   | Entered Level 6 of the Lair of Beasts
 22091 | Lair:5   | Reached skill level 10 in Spellcasting
 22370 | D:10     | Got the Compendium of Combed Thunderclap
 22376 | D:10     | Learned a level 4 spell: Airstrike
 22425 | D:10     | Learned a level 3 spell: Mephitic Cloud
 22960 | D:10     | Got the Tome of Plaster Cramp
 23100 | Orc:1    | Entered Level 1 of the Orcish Mines
 23209 | Orc:1    | Found Xegrad's Distillery.
 23217 | Orc:1    | Bought a potion of attraction for 33 gold pieces
 23220 | Orc:1    | Bought a potion of heal wounds for 55 gold pieces
 23220 | Orc:1    | Bought a potion of curing for 33 gold pieces
 23220 | Orc:1    | Bought 2 potions of lignification for 66 gold pieces
 23220 | Orc:1    | Bought 2 potions of cancellation for 176 gold pieces
 23450 | Orc:2    | Entered Level 2 of the Orcish Mines
 23511 | Orc:2    | Reached **** piety under Sif Muna
 23882 | Orc:1    | Noticed an orc warlord
 24213 | D:10     | Found a white marble altar of Elyvilon.
 24292 | D:10     | Got Ts'ui Pên's Tome of Forking Paths
 25607 | D:11     | Reached XP level 14. HP: 62/99 MP: 14/28
 25970 | D:11     | Found a shimmering blue altar of Sif Muna.
 26108 | D:12     | Learned a level 5 spell: Lightning Bolt
 26113 | D:12     | Learned a level 4 spell: Summon Lightning Spire
 26758 | D:12     | Noticed Frances
 27205 | D:11     | Reached skill level 1 in Summonings
 28359 | Lair:6   | Noticed Josephine
 28883 | Lair:6   | Killed Josephine
 29874 | Lair:6   | Reached skill level 11 in Fighting
 30079 | Lair:6   | Reached ***** piety under Sif Muna
 30577 | Lair:6   | Reached skill level 10 in Shields
 30614 | Lair:6   | Received a gift from Sif Muna
 30615 | Lair:6   | Got Sif Muna's Tome of Evil and Curses {god gift}
 30619 | Lair:6   | Learned a level 2 spell: Sublimation of Blood
 31207 | Lair:6   | Reached skill level 1 in Necromancy
 31247 | Lair:6   | Reached skill level 5 in Summonings
 31488 | Lair:6   | Reached XP level 15. HP: 86/107 MP: 14/29
 32904 | D:12     | Killed Frances
 34696 | D:13     | Found Dezod's Pet Rocks.
 34700 | D:13     | Bought a wand of digging (5) for 234 gold pieces
 34965 | D:14     | Identified the +4 arbalest "Fuxzarch" {venom, Contam Drain
                  | rPois rN+++}
 35767 | D:14     | Found Fitsehagreg's Assorted Antiques.
 35775 | D:14     | Bought a potion of haste for 340 gold pieces
 35775 | D:14     | Bought a potion of heal wounds for 170 gold pieces
 35775 | D:14     | Bought a wand of digging (5) for 272 gold pieces
 35775 | D:14     | Bought a tubular emerald ring for 170 gold pieces
 35775 | D:14     | Bought a twisted garnet amulet for 170 gold pieces
 35775 | D:14     | Bought a scroll of identify for 68 gold pieces
 35775 | D:14     | Bought an inky potion for 30 gold pieces
 36726 | Orc:2    | Noticed Blork the orc
 36728 | Orc:2    | Killed Blork the orc
 36881 | Orc:2    | Noticed an orc warlord
 36885 | Orc:2    | Killed an orc warlord
 37128 | Orc:2    | Found Geofro's Antique Weapon Shoppe.
 37130 | Orc:2    | Found Timamol's Jewellery Shoppe.
 37170 | Orc:2    | Bought a ring of poison resistance for 260 gold pieces
 37171 | Orc:2    | Bought a ring of willpower for 325 gold pieces
 37234 | Orc:2    | Found Koshru's Overcharged Wands.
 37273 | Orc:2    | Found Pytreus's Antique Armour Shoppe.
 37362 | Orc:2    | Received a gift from Sif Muna
 37363 | Orc:2    | Got Sif Muna's Disquisition on Damaging Malediction {god
                  | gift}
 37384 | Orc:2    | Found Huquaphu's General Store.
 37410 | Orc:2    | Learned a level 5 spell: Iskenderun's Battlesphere
 37504 | Orc:2    | Found Yqaecle's Armour Shop.
 37682 | Orc:2    | Found a staircase to the Elven Halls.
 37844 | Orc:2    | Killed an orc warlord
 38433 | Spider:1 | Entered Level 1 of the Spider Nest
 38445 | Spider:1 | Noticed an emperor scorpion
 39046 | Lair:2   | Found a staircase to the Swamp.
 39123 | Lair:2   | Found a hole to the Spider Nest.
 39341 | Lair:2   | Killed an emperor scorpion
 39792 | D:15     | Entered Level 15 of the Dungeon
 40030 | Swamp:1  | Entered Level 1 of the Swamp
 40037 | Swamp:1  | Reached skill level 10 in Air Magic
 40589 | Spider:1 | Noticed an emperor scorpion
 40595 | Lair:2   | Reached XP level 16. HP: 74/114 MP: 26/31
 41411 | D:14     | Found a gate to the Vaults.
 41566 | D:15     | Reached skill level 12 in Fighting
 41691 | D:14     | HP: 4/114 [deep troll (24)]
 42229 | Orc:2    | Bought a ring of protection from fire for 325 gold pieces
 43180 | D:14     | Found Fitsehagreg's Assorted Antiques.
 43202 | D:14     | Found a gate to the Vaults.
 44386 | D:15     | Found a staircase to the Depths.
 48347 | Spider:3 | Noticed Bai Suzhen
 48510 | Spider:3 | Reached XP level 17. HP: 69/121 MP: 19/32
 48511 | Spider:3 | Slain by an entropy weaver

Illustrated notes

Levels and vault maps discovered:
D:1:      onia_arrival_mini_maze, layout_basic, minmay_close_crescents
D:2:      layout_basic, minmay_misc_feat_ornament, kennysheep_small_spiral,
          minmay_fractal_squares_5
D:3:      layout_rooms, mainiacjoe_overflow_cross_hatched, serial_rivers,
          chequers_serial_rivers_large_b, chequers_serial_rivers_small_3,
          chequers_serial_rivers_micro_d, chequers_serial_rivers_micro_b,
          chequers_serial_rivers_small_3, chequers_serial_rivers_micro_b,
          mrwooster_statue_mirror, minivault_11
D:4:      layout_basic, dancing_weapons_uskayaw, nicolae_alphabet_shops
D:5:      layout_rooms, gammafunk_ghost_mausoleum
D:6:      layout_rooms, mainiacjoe_overflow_tiny_flanked,
          pdpol_wu_jian_five_deadly_venoms, temple_fountains
D:7:      layout_rooms, nicolae_ashenzari_skybound,
          mainiacjoe_overflow_boulevard, chequers_serial_rivers_room_a,
          chequers_serial_rivers_marsh
D:8:      cheibrodos_fzero, layout_basic, uniq_maggie
D:9:      layout_cave_pools, palyth_temple_overflow_mages, lemuel_tele_altar,
          orc_0_dummy
D:10:     layout_basic, kennysheep_mini, dpeg_oklobed_lair, special_room
          [special_room_kobold], bh_hangedman_babel_library
D:11:     layout_roguey, nicolae_sif_muna_little_library
D:12:     layout_irregular_city, uniq_frances
D:13:     layout_irregular_city, guppyfry_shop_earth
D:14:     layout_stronghold, grunt_vaults_entry_fortified, serial_shops,
          shop_fountains, kennysheep_donut
D:15:     hangedman_depths_entry_civil_slaughter, layout_rooms, nrook_campfire
Temple:   jpeg_temple_clearing
Lair:1:   layout_gridlike, lemuel_fruit_fields, minmay_lair_oklob_chamber,
          serial_bayou_shore_b
Lair:2:   layout_concentric_octagons, swamp_mist_pool, spider_nest_entry_rubble,
          ebering_ghost_inner_flame, grunt_megastairs_4
Lair:3:   layout_cellular_growth, columned_hall_lemuel, minivault_19
Lair:4:   layout_gridlike, grunt_megastairs_2
Lair:5:   cheibrodos_lair_overgrown_chateau, layout_big_grid, slime_altar_2,
          beast_lair_carwin_1
Lair:6:   hangedman_lair_tendril_chambers, layout_gridlike, uniq_josephine
Swamp:1:  layout_basic_swamp, lemuel_altar_in_water, infiniplex_staircase_pool_2
Spider:1: layout_spider_delve, nicolae_crawler_farm
Spider:2: layout_spider_delve, nicolae_spider_bug_shape,
          hangedman_spider_tarantella_strand
Spider:3: layout_spider_delve, uniq_bai_suzhen
Orc:1:    layout_diamond_mine, serial_shops, nicolae_shop_trees
Orc:2:    grunt_orc_cross, layout_caves, serial_shops,
          nicolae_shop_behind_doors, portal_ice_cave_demonic_guard,
          nicolae_shop_overcharged_wands

Skill      XL: |  1  2  3  4  5  6  7  8  9 10 11 12 13 14 15 16 |
---------------+-------------------------------------------------+-----
Stealth        | 3 4 |  4.0
Fighting       | 1 2 3 4 6 7 8 9 10 11 12 | 12.5
Poison Magic   | 4 9 10 | 10.0
Air Magic      | 1 2 3 6 8 10 | 10.8
Conjurations   | 2 3 4 6 8 9 10 | 10.8
Spellcasting   | 3 4 6 7 8 9 10 11 | 11.7
Shields        | 1 2 4 5 6 7 9 10 11 | 11.6
Hexes          | 3 4 |  4.0
Dodging        | 3 4 6 7 8 |  8.7
Invocations    | 2 6 7 8 9 |  9.3
Evocations     | 3 4 |  4.0
Summonings     | 5 |  5.0
Necromancy     | 1 4 |  4.0
Transmutations | |  1.0

Action                   |  1- 3 |  4- 6 |  7- 9 | 10-12 | 13-15 | 16-18 || total
-------------------------+-------+-------+-------+-------+-------+-------++-------
Melee: Unarmed           |    15 |       |     9 |       |       |       ||    24
       Constrict         |    11 |     4 |     1 |     3 |     5 |       ||    24
       Tentacles         |     6 |     3 |     1 |     2 |     2 |       ||    14
       Spear             |    11 |       |       |       |       |       ||    11
       Short sword       |     3 |    30 |       |       |     3 |       ||    36
       Staff             |       |       |     1 |     1 |     4 |     1 ||     7
       Morningstar       |       |       |     5 |     7 |     3 |       ||    15
 Cast: Sting             |    52 |    32 |       |       |       |       ||    84
       Poisonous Vapours |     5 |    39 |    63 |    84 |   175 |    80 ||   446
       Searing Ray       |       |    14 |    57 |    81 |   126 |    36 ||   314
       Fulminant Prism   |       |       |     6 |    60 |    33 |       ||    99
       Olgreb's Toxic Ra |       |       |       |    37 |    64 |    20 ||   121
       Airstrike         |       |       |       |       |   182 |    27 ||   209
       Mephitic Cloud    |       |       |       |       |     4 |     2 ||     6
       Lightning Bolt    |       |       |       |       |   195 |   103 ||   298
       Sublimation of Bl |       |       |       |       |     3 |     3 ||     6
       Summon Lightning  |       |       |       |       |    20 |    13 ||    33
       Iskenderun's Batt |       |       |       |       |     7 |    23 ||    30
Invok: Channel Magic     |       |       |       |       |     3 |     1 ||     4
Evoke: Wand              |       |       |     1 |     1 |    14 |       ||    16
  Use: Scroll            |     2 |     1 |    10 |    10 |    12 |     4 ||    39
       Potion            |       |       |     1 |     2 |     9 |     7 ||    19
 Stab: Sleeping          |     3 |     4 |       |       |       |       ||     7
       Distracted        |       |       |       |     1 |       |       ||     1
Armor: Skin              |     9 |     4 |     7 |    12 |    25 |    15 ||    72
Dodge: Dodged            |    38 |    20 |    57 |   141 |   194 |   166 ||   616
Block: Buckler           |       |     2 |    25 |    35 |       |       ||    62
       Kite shield       |       |       |       |    22 |   286 |   190 ||   498

Table legend: (Time is in decaauts)
 A = Elapsed time spent in this place.
 B = Non-inter-level travel time spent in this place.
 C = Inter-level travel time spent in this place.
 D = Time resting spent in this place.
 E = Time spent auto-exploring this place.
 F = Levels seen in this place.
 G = Mean time per level.
                   A        B        C        D        E       F      G
               +--------+--------+--------+--------+--------+-----+--------+
         Total |  48590 |  44776 |   3814 |  14483 |  21430 |  28 | 1735.4 |
       Dungeon |  25946 |  23489 |   2457 |   6945 |  11806 |  15 | 1729.7 |
        Temple |    158 |    140 |     18 |      0 |    140 |   1 |  158.0 |
          Lair |  15948 |  14907 |   1041 |   5830 |   6286 |   6 | 2658.0 |
         Swamp |     15 |     15 |      0 |      0 |      0 |   1 |   15.0 |
   Spider Nest |   3249 |   3142 |    107 |    488 |   2071 |   3 | 1083.0 |
  Orcish Mines |   3272 |   3082 |    190 |   1220 |   1127 |   2 | 1636.0 |
               +--------+--------+--------+--------+--------+-----+--------+

Top non-repeatable levels by time:
  Lair:2: 4249 daAuts
    D:14: 4115 daAuts
  Lair:5: 3387 daAuts
  Lair:6: 3310 daAuts
    D:12: 2818 daAuts
Spider:2: 2313 daAuts
   Orc:2: 2134 daAuts
    D:11: 2126 daAuts
  Lair:3: 1973 daAuts
  Lair:1: 1959 daAuts
    D:10: 1930 daAuts
     D:9: 1812 daAuts
     D:8: 1753 daAuts
     D:1: 1663 daAuts
     D:3: 1509 daAuts
